 Dungeon Crawl Stone Soup version 0.28-a0-445-g51f8dfeb47 (webtiles) character file.

Game seed: 4556147584450090295

165 Gargoyl the Skirmisher (level 5, -8/47 HPs)
             Began as a Gnoll Abyssal Knight on Sept 12, 2021.
             Was a Believer of Lugonu.
             Mangled by a gnoll shaman (9 damage)
             ... on level 3 of the Dungeon.
             The game lasted 00:03:36 (3192 turns).

Gargoyl the Skirmisher (Gnoll Abyssal Knight)       Turns: 3192, Time: 00:03:37

Health: -8/47      AC: 10    Str: 13    XL:     5   Next: 46%
Magic:  8/8        EV:  6    Int: 11    God:    Lugonu [**....]
Gold:   142        SH:  0    Dex: 11    Spells: 7/7 levels left

rFire   . . .      SeeInvis .   a - +1 hand axe
rCold   . . .      Faith    .   (no shield)
rNeg    . . .      Spirit   .   h - +0 chain mail
rPois   .          Reflect  .   c - +0 helmet
rElec   .          Harm     .   (no cloak)
rCorr   .          Rampage  .   (no gloves)
Will    .....                   (no boots)
Stlth   ..........              (no amulet)
HPRegen 0.15/turn               (no ring)
MPRegen 0.11/turn               (no ring)

@: lit by a corona, glowing
A: fangs 1, strong nose, distributed training
a: Renounce Religion, Depart the Abyss, Bend Space


You were on level 3 of the Dungeon.
You worshipped Lugonu.
Lugonu was pleased with you.
You visited 1 branch of the dungeon, and saw 4 of its levels.
You visited the Abyss 1 time.

You collected 142 gold pieces.

Inventory:

Hand Weapons
 a - a +1 hand axe (weapon)
 f - a +0 whip of draining
 k - a +0 war axe
Armour
 c - a +0 helmet (worn)
 h - a +0 chain mail (worn)
Scrolls
 b - 3 scrolls of teleportation
 e - a scroll of amnesia {unknown}
 i - a scroll of acquirement {unknown}
 j - a scroll of magic mapping {unknown}
Potions
 d - a potion of curing


   Skills:
 + Level 6.7 Fighting
 + Level 1.5 Short Blades
 + Level 1.5 Long Blades
 + Level 4.8 Axes
 + Level 1.5 Maces & Flails
 + Level 1.5 Polearms
 + Level 1.5 Staves
 + Level 1.5 Slings
 + Level 1.5 Bows
 + Level 1.5 Crossbows
 + Level 1.5 Throwing
 + Level 4.8 Armour
 + Level 3.0 Dodging
 + Level 1.5 Stealth
 + Level 1.5 Shields
 + Level 1.5 Unarmed Combat
 + Level 1.5 Spellcasting
 + Level 1.2 Conjurations
 + Level 1.2 Hexes
 + Level 1.2 Summonings
 + Level 1.2 Necromancy
 + Level 1.2 Translocations
 + Level 1.2 Transmutations
 + Level 1.2 Fire Magic
 + Level 1.2 Ice Magic
 + Level 1.2 Air Magic
 + Level 1.2 Earth Magic
 + Level 1.2 Poison Magic
 + Level 4.9 Invocations
 + Level 1.5 Evocations


You had 7 spell levels left.
You didn't know any spells.
Your spell library contained the following spells:

 Spells                   Type           Power      Damage    Failure   Level
 Call Canine Familiar     Summ           3%         N/A       100%        3
 Portal Projectile        Hex/Tloc       6%         N/A       100%        3
 Leda's Liquefaction      Hex/Erth       1%         N/A       100%        4


Dungeon Overview and Level Annotations

Branches:
Dungeon (4/15)
 Temple: D:4-7

Altars:


Innate Abilities, Weirdness & Mutations

You have very sharp teeth.
Your uncanny sense of smell can sniff out nearby items.
Your experience applies equally to all skills.


Message History

You hit the gnoll shaman.
You bite the gnoll shaman, but do no damage.
The gnoll shaman is moderately wounded.
The gnoll shaman hits you but does no damage.
Your chain mail prevents you from hitting the gnoll shaman.
You bite the gnoll shaman, but do no damage.
The gnoll shaman is moderately wounded.
The gnoll shaman hits you with a +0 whip.
* * * LOW HITPOINT WARNING * * *
You feel better.
The gnoll shaman hits you with a +0 whip.
* * * LOW HITPOINT WARNING * * *
You hit the gnoll shaman.
The gnoll shaman is heavily wounded.
The gnoll shaman closely misses you.
You slash the gnoll shaman!
The gnoll shaman is almost dead.
The gnoll shaman hits you with a +0 whip.
* * * LOW HITPOINT WARNING * * *
You barely miss the gnoll shaman.
The gnoll shaman is almost dead.
The gnoll shaman hits you but does no damage.
As you read the scroll of fear, it crumbles to dust.
You assume a fearsome visage.
The gnoll shaman looks frightened!
Things that are here:
a +0 mace; a +0 leather armour The gnoll shaman utters an invocation to its god.
The gnoll shaman is healed somewhat.
You hit the gnoll shaman.
Your attack snaps the gnoll shaman out of its fear.
The gnoll shaman is severely wounded.
The gnoll shaman utters an invocation to its god.
The gnoll shaman is healed somewhat.
You barely miss the gnoll shaman.
You bite the gnoll shaman, but do no damage.
The gnoll shaman is heavily wounded.
The gnoll shaman hits you with a +0 whip!
* * * LOW HITPOINT WARNING * * *
The gnoll shaman hits you with a +0 whip!
You die...

#.#####.# ##...##.........#
##.#
#.......###.###.#.#######.#
#.### #######.#..## ##..##
#.# #(.#. ##.#.## ##..####
#.# #...# #....# #.....# #.#
#.... #....## ##..##.###.#
##... #.....##
##..........####...
####.#>###.#.###.......###..
#.)))...@g# ###########..
#########.# #.#.# #.# ##.#.
#.# #.#.. #.# ###.# #.#
####... ### #.# #....8.
##.##### #.# #######.##...
#......# ##.###.......###.#


You could see a gnoll shaman.

Vanquished Creatures
  A quasit (Abyss:1)
  An adder (D:2)
  2 gnolls (D:3)
  A worm (D:3)
  2 dart slugs (D:2)
  12 orcs (D:3)
  8 ball pythons
  6 bats
  4 endoplasms
  2 giant cockroaches
  4 goblins
  8 hobgoblins
  8 jackals
  5 quokkas
  4 frilled lizards
  5 kobolds
  8 rats
81 creatures vanquished.

Notes
Turn   | Place    | Note
-------+----------+-------------------------------------------
     0 | Abyss:1  | Gargoyl the Gnoll Abyssal Knight began the quest for the
                  | Orb.
     0 | Abyss:1  | Reached XP level 1. HP: 23/23 MP: 3/3
    62 | Abyss:1  | Noticed an orange demon
    67 | Abyss:1  | Noticed a quasit
    68 | Abyss:1  | Noticed a large abomination
    83 | Abyss:1  | Killed a quasit
    84 | Abyss:1  | Reached XP level 2. HP: 29/29 MP: 5/5
    84 | Abyss:1  | Reached XP level 3. HP: 35/35 MP: 6/6
    88 | D:1      | Escaped the Abyss
   336 | D:1      | Reached * piety under Lugonu
   469 | D:1      | Reached skill level 1 in Short Blades
   469 | D:1      | Reached skill level 1 in Long Blades
   469 | D:1      | Reached skill level 1 in Maces & Flails
   469 | D:1      | Reached skill level 1 in Polearms
   469 | D:1      | Reached skill level 1 in Staves
   469 | D:1      | Reached skill level 1 in Slings
   469 | D:1      | Reached skill level 1 in Bows
   469 | D:1      | Reached skill level 1 in Crossbows
   469 | D:1      | Reached skill level 1 in Throwing
   469 | D:1      | Reached skill level 1 in Stealth
   469 | D:1      | Reached skill level 1 in Shields
   469 | D:1      | Reached skill level 1 in Unarmed Combat
   469 | D:1      | Reached skill level 1 in Spellcasting
   469 | D:1      | Reached skill level 1 in Evocations
   511 | D:1      | Reached XP level 4. HP: 40/41 MP: 7/7
  1294 | D:2      | Reached skill level 1 in Conjurations
  1294 | D:2      | Reached skill level 1 in Hexes
  1294 | D:2      | Reached skill level 1 in Summonings
  1294 | D:2      | Reached skill level 1 in Necromancy
  1294 | D:2      | Reached skill level 1 in Translocations
  1294 | D:2      | Reached skill level 1 in Transmutations
  1294 | D:2      | Reached skill level 1 in Fire Magic
  1294 | D:2      | Reached skill level 1 in Ice Magic
  1294 | D:2      | Reached skill level 1 in Air Magic
  1294 | D:2      | Reached skill level 1 in Earth Magic
  1294 | D:2      | Reached skill level 1 in Poison Magic
  1488 | D:2      | Reached ** piety under Lugonu
  1902 | D:3      | Reached XP level 5. HP: 11/46 MP: 8/8
  3192 | D:3      | HP: 1/47 [gnoll shaman (7)]
  3192 | D:3      | Mangled by a gnoll shaman

Illustrated notes

Levels and vault maps discovered:
D:1:      lemuel_arrival_hallway, layout_loops_ring
D:2:      layout_loops_cross
D:3:      wad_crossroads, layout_loops_corners, kennysheep_decorative_pillar
D:4:      layout_loops_ring, nzn_hepliaklqana_mist_gate,
          chequers_serial_rivers_room_b

Skill      XL: |  1  2  3  4  5 |
---------------+----------------+-----
Short Blades   | 1 |  1.5
Long Blades    | 1 |  1.5
Maces & Flails | 1 |  1.5
Polearms       | 1 |  1.5
Staves         | 1 |  1.5
Slings         | 1 |  1.5
Bows           | 1 |  1.5
Crossbows      | 1 |  1.5
Throwing       | 1 |  1.5
Stealth        | 1 |  1.5
Shields        | 1 |  1.5
Unarmed Combat | 1 |  1.5
Spellcasting   | 1 |  1.5
Evocations     | 1 |  1.5
Conjurations   | 1 |  1.2
Hexes          | 1 |  1.2
Summonings     | 1 |  1.2
Necromancy     | 1 |  1.2
Translocations | 1 |  1.2
Transmutations | 1 |  1.2
Fire Magic     | 1 |  1.2
Ice Magic      | 1 |  1.2
Air Magic      | 1 |  1.2
Earth Magic    | 1 |  1.2
Poison Magic   | 1 |  1.2
Dodging        | 3 |  3.0
Fighting       | |  6.7
Axes           | |  4.8
Armour         | |  4.8
Invocations    | |  4.9

Action                   |  1- 3 |  4- 6 || total
-------------------------+-------+-------++-------
Melee: Hand axe          |    45 |   163 ||   208
       Bite              |     4 |    11 ||    15
Invok: Depart the Abyss  |     1 |       ||     1
  Use: Potion            |     1 |     2 ||     3
       Scroll            |       |     4 ||     4
 Stab: Sleeping          |       |     1 ||     1
Armor: Leather armour    |     6 |       ||     6
       Ring mail         |     3 |    58 ||    61
       Chain mail        |       |    60 ||    60
Dodge: Dodged            |    30 |    90 ||   120

Table legend: (Time is in decaauts)
 A = Elapsed time spent in this place.
 B = Non-inter-level travel time spent in this place.
 C = Inter-level travel time spent in this place.
 D = Time resting spent in this place.
 E = Time spent auto-exploring this place.
 F = Levels seen in this place.
 G = Mean time per level.
                   A        B        C        D        E       F      G
               +--------+--------+--------+--------+--------+-----+--------+
         Total |   3219 |   3094 |    125 |    143 |   2335 |   5 |  643.8 |
       Dungeon |   3133 |   3008 |    125 |    143 |   2274 |   4 |  783.2 |
         Abyss |     86 |     86 |      0 |      0 |     61 |   1 |   86.0 |
               +--------+--------+--------+--------+--------+-----+--------+

Top non-repeatable levels by time:
     D:3: 1609 daAuts
     D:1: 825 daAuts
     D:2: 692 daAuts
 Abyss:1: 86 daAuts
     D:4: 6 daAuts
